Griffins vs Barracuda (R1)

Created - December 12, 2021 at 22:42

Goals
1 2 3 T
Griffins 0 0 2 2
Barracuda 1 0 0 1
Shots
1 2 3 T
Griffins 10 5 14 29
Barracuda 4 10 12 26

1st period

1. Barracuda , Mario Lucia 1 (Samuel Groulx 3) at 2:17

Penalties :
Riley Armstrong (Gra) for Hooking (Minor) at 3:38, Robin Norell (S.J) for Holding (Minor) at 9:37, Justin Shugg (S.J) for Tripping (Minor) at 13:39

2nd period

No Goal

Penalties :
Riley Armstrong (Gra) for Hooking (Minor) at 0:03, Thomas Gobeil (S.J) for Hooking (Minor) at 2:32, Alex Henriksson (S.J) for Holding (Minor) at 5:12, Riley Armstrong (Gra) for High sticking (Minor) at 17:51

3rd period

2. Griffins , Rourke Chartier 1 (Travis Sanheim 3, Garrett Wilson 1) at 10:29
3. Griffins , Marcus Pettersson 1 (Danny Kristo 3, Riley Armstrong 3) at 14:12 (PP)

Penalties :
Theodor Blueger (S.J) for Interference (Minor) at 2:10, Mathieu Joseph (Gra) for Hooking (Minor) at 4:30, Sam Carrick (S.J) for Diving (Minor) at 11:13, Phil Di Giuseppe (S.J) for Diving (Minor) at 14:05, Riley Armstrong (Gra) for Hooking (Minor) at 19:50

Goalie Stats

Olivier Roy (Gra), 25 saves from 26 shots - (0.962), W, 3-0-0, 60:00 minutes
Joacim Eriksson (S.J), 27 saves from 29 shots - (0.931), L, 2-2-0, 59:32 minutes

Players Stats for Griffins

Player Name              G  A  P  +/- PIM S  H  SB GA TA FO     MP     PP MP  PK MP  
------------------------------------------------------------------------------------
Adam Gaudette            0  0  0   0  0   0  1  0  1  0  1/1    14:35   5:14   0:00 
Brandon Pirri            0  0  0   0  0   6  2  1  0  0  2/2    22:11   6:21   3:50 
Brendan Woods            0  0  0   0  0   0  0  1  0  0  1/1    13:12   0:49   1:47 
Danny Kristo             0  1  1   0  0   1  2  0  0  0  6/9    21:55   6:21   3:49 
Dylan DeMelo             0  0  0   0  0   0  1  0  0  1  0/0     8:39   0:00   0:16 
Garrett Wilson           0  1  1   0  0   2  1  0  0  0  0/0    10:38   0:29   0:00 
Ian McCoshen             0  0  0   0  0   0  0  0  0  0  0/0     2:40   0:00   0:00 
Lucas Lessio             0  0  0   0  0   1  1  0  0  0  0/0    17:04   5:11   2:28 
Marcus Pettersson        1  0  1  -1  0   4  3  1  0  0  0/0    28:27   6:13   4:33 
Mathew Barzal            0  0  0   0  0   1  1  1  0  0  3/4     9:27   0:00   1:25 
Mathieu Joseph           0  0  0   0  2   0  3  1  0  0  0/0     8:29   0:22   0:00 
Patrick Wiercioch        0  0  0   1  0   1  0  0  0  0  0/0    20:14   5:48   3:16 
Phil Oreskovic           0  0  0  -1  0   2  1  0  1  1  0/0    28:43   6:13   4:49 
Riley Armstrong          0  1  1   0  8   3  2  1  1  0  14/25  18:51   6:05   0:25 
Rourke Chartier          1  0  1   0  0   3  0  1  0  1  1/4    13:08   0:00   2:26 
Ryan Lindgren            0  0  0   0  0   0  0  0  0  0  0/0     2:40   0:00   0:00 
Ryan Pulock              0  0  0   0  0   1  0  1  1  1  0/0     8:23   0:00   0:00 
Sonny Milano             0  0  0   0  0   0  0  0  0  0  0/1     7:53   0:00   0:00 
Travis Sanheim           0  1  1   1  0   4  1  0  0  0  0/0    20:14   5:48   3:16 
Vladislav Namestnikov    0  0  0   0  0   0  3  0  1  0  5/8    14:27   5:11   0:00 

Players Stats for Barracuda

Player Name              G  A  P  +/- PIM S  H  SB GA TA FO     MP     PP MP  PK MP  
------------------------------------------------------------------------------------
Alex Henriksson          0  0  0   0  2   2  1  0  1  1  0/0     9:52   0:00   2:18 
Arturs Kulda             0  0  0   0  0   4  1  1  0  0  0/0    28:15   4:45   7:07 
Chris Wagner             0  0  0  -1  0   2  2  1  0  0  0/0    12:54   3:51   0:00 
Cole Ully                0  0  0   1  0   2  1  0  1  0  0/1    12:29   0:00   2:56 
David Shields            0  0  0   1  0   2  1  0  0  0  0/0    21:51   3:20   4:54 
Emil Pettersson          0  0  0  -1  0   2  1  0  1  1  4/13   17:36   3:46   4:02 
Jakob Chychrun           0  0  0  -1  0   0  0  0  0  0  0/0     9:54   0:00   0:00 
Justin Shugg             0  0  0   0  2   1  1  2  0  0  0/0    18:04   4:05   0:00 
Luca Sbisa               0  0  0   0  0   3  4  1  0  0  0/0    28:15   4:45   7:07 
Mario Lucia              1  0  1   1  0   1  0  0  1  0  0/0     9:14   0:09   0:00 
Noah Gregor              0  0  0   0  0   1  0  0  0  0  1/3     6:41   0:00   0:00 
Phil Di Giuseppe         0  0  0  -1  2   1  3  1  0  0  0/0    16:38   3:51   3:44 
Robin Norell             0  0  0  -1  2   0  0  0  0  0  0/0     9:58   0:00   0:00 
Sam Carrick              0  0  0   0  2   0  2  0  0  0  15/33  22:59   4:02   4:51 
Samuel Groulx            0  1  1   1  0   1  0  0  0  2  0/0    21:51   3:20   4:54 
Theodor Blueger          0  0  0   1  2   1  0  0  0  0  1/3    10:08   0:30   0:25 
Thomas Gobeil            0  0  0   0  2   0  1  0  0  0  0/0     7:22   0:06   0:00 
William Carrier          0  0  0   0  0   3  2  0  0  1  1/2    23:51   3:55   5:46 

3 Stars

1 - Olivier Roy (Gra)
2 - Marcus Pettersson (Gra)
3 - Mario Lucia (S.J)

Power Play

Griffins - 1 on 7 Attempt(s) - 14.29%
Barracuda - 0 on 5 Attempt(s) - 0.00%

Penalty Kill

Griffins - 5 on 5 Attempt(s) - 100.00% - Score 0 goal in Penalty Kill
Barracuda - 6 on 7 Attempt(s) - 85.71% - Score 0 goal in Penalty Kill

Team Stat

Griffins - Hits : 22 - Faceoff Wins : 33 - Blocked Shots : 8 - Penalty Minutes : 10
Barracuda - Hits : 20 - Faceoff Wins : 22 - Blocked Shots : 6 - Penalty Minutes : 14

Official

Referees : Dan O'Rourke and Frederick L'Ecuyer
Linesman : Libor Suchanek and Bryan Pancich

Game Notes

No Game Note

Finance

Level 1 -- Attendance: 2000 (100.00%) -- Ticket Income $70,000
Level 2 -- Attendance: 1000 (100.00%) -- Ticket Income $15,000
Total Attendance: 3000 (100.00%)
Total Ticket Income: $85,000
Other Income: $4,250
Total Income: $89,250

Griffins

5 vs 5 Forward 
   Center                   Left Wing                Right Wing               Time % Phy DF OF 
 1 Riley Armstrong          Brandon Pirri            Danny Kristo             40     1   2  2  
 2 Vladislav Namestnikov    Lucas Lessio             Adam Gaudette            30     1   2  2  
 3 Rourke Chartier          Brendan Woods            Garrett Wilson           20     1   2  2  
 4 Mathew Barzal            Sonny Milano             Mathieu Joseph           10     1   2  2  

5 vs 5 Defense 
   Defense                  Defense                                           Time % Phy DF OF 
 1 Phil Oreskovic           Marcus Pettersson                                 40     1   2  2  
 2 Travis Sanheim           Patrick Wiercioch                                 30     1   2  2  
 3 Ryan Pulock              Dylan DeMelo                                      20     1   2  2  
 4 Ian McCoshen             Ryan Lindgren                                     10     1   2  2  

PowerPlay Forward 
   Center                   Left Wing                Right Wing               Time % Phy DF OF 
 1 Riley Armstrong          Brandon Pirri            Danny Kristo             60     1   2  2  
 2 Vladislav Namestnikov    Lucas Lessio             Adam Gaudette            40     1   2  2  

PowerPlay Defense
   Defense                  Defense                                           Time % Phy DF OF 
 1 Phil Oreskovic           Marcus Pettersson                                 60     1   2  2  
 2 Travis Sanheim           Patrick Wiercioch                                 40     1   2  2  

Penalty Kill 4 Players Forward 
   Center                   Wing                     Time % Phy DF OF 
 1 Danny Kristo             Brandon Pirri            60     1   2  2  
 2 Riley Armstrong          Lucas Lessio             40     1   2  2  

Penalty Kill 4 Players Defense
   Defense                  Defense                  Time % Phy DF OF 
 1 Phil Oreskovic           Marcus Pettersson        60     1   2  2  
 2 Travis Sanheim           Patrick Wiercioch        40     1   2  2  

Penalty Kill - 3 Players Forward 
   Forward                                           Time % Phy DF OF 
 1 Danny Kristo                                      60     1   2  2  
 2 Brandon Pirri                                     40     1   2  2  

Penalty Kill - 3 Players Defense
   Defense                  Defense                  Time % Phy DF OF 
 1 Phil Oreskovic           Marcus Pettersson        60     1   2  2  
 2 Travis Sanheim           Patrick Wiercioch        40     1   2  2  

4 vs 4 Forward 
   Center                   Wing                     Time % Phy DF OF 
 1 Danny Kristo             Brandon Pirri            60     1   2  2  
 2 Riley Armstrong          Lucas Lessio             40     1   2  2  

4 vs 4 Defense
   Defense                  Defense                  Time % Phy DF OF 
 1 Phil Oreskovic           Marcus Pettersson        60     1   2  2  
 2 Travis Sanheim           Patrick Wiercioch        40     1   2  2  

Last Minutes Offensive
   Center                   Left Wing                Right Wing               Defense                  Defense                  
   Riley Armstrong          Brandon Pirri            Danny Kristo             Phil Oreskovic           Marcus Pettersson        

Last Minutes Defensive
   Center                   Left Wing                Right Wing               Defense                  Defense                  
   Riley Armstrong          Brandon Pirri            Danny Kristo             Phil Oreskovic           Marcus Pettersson        

Goaltenders
Starting : Olivier Roy              
Backup : Igor Shesterkin          

Extra Forwards
Normal : Brendan Woods, Garrett Wilson, Rourke Chartier - PP : Brendan Woods, Garrett Wilson - PK : Rourke Chartier
Extra Defensemen
Normal : Ryan Pulock, Dylan DeMelo, Ian McCoshen - PP : Ryan Pulock - PK : Dylan DeMelo, Ian McCoshen
Penalty Shots
Danny Kristo, Brandon Pirri, Riley Armstrong, Lucas Lessio, Brendan Woods

Scratches
Greg McKegg (Healthy), Jack Ramsey (Healthy), Konrad Abeltshauser (Healthy), Michael Bunting (Healthy), Nikita Pavlychev (Healthy)
Ryan Mantha (Healthy), Tanner Kero (Healthy), Tomas Hyka (Healthy), Troy Terry (Healthy), Marcus Hogberg (Healthy)
Philippe Desrosiers (Healthy)

Barracuda

5 vs 5 Forward 
   Center                   Left Wing                Right Wing               Time % Phy DF OF 
 1 Sam Carrick              William Carrier          Justin Shugg             40     1   2  2  
 2 Emil Pettersson          Phil Di Giuseppe         Chris Wagner             30     1   2  2  
 3 Theodor Blueger          Cole Ully                Mario Lucia              20     1   2  2  
 4 Noah Gregor              Alex Henriksson          Thomas Gobeil            10     1   2  2  

5 vs 5 Defense 
   Defense                  Defense                                           Time % Phy DF OF 
 1 Arturs Kulda             Luca Sbisa                                        40     1   2  2  
 2 Samuel Groulx            David Shields                                     30     1   2  2  
 3 Robin Norell             Jakob Chychrun                                    20     1   2  2  
 4 Arturs Kulda             Luca Sbisa                                        10     1   2  2  

PowerPlay Forward 
   Center                   Left Wing                Right Wing               Time % Phy DF OF 
 1 Sam Carrick              William Carrier          Justin Shugg             60     1   2  2  
 2 Emil Pettersson          Phil Di Giuseppe         Chris Wagner             40     1   2  2  

PowerPlay Defense
   Defense                  Defense                                           Time % Phy DF OF 
 1 Arturs Kulda             Luca Sbisa                                        60     1   2  2  
 2 Samuel Groulx            David Shields                                     40     1   2  2  

Penalty Kill 4 Players Forward 
   Center                   Wing                     Time % Phy DF OF 
 1 Sam Carrick              William Carrier          60     1   2  2  
 2 Phil Di Giuseppe         Emil Pettersson          40     1   2  2  

Penalty Kill 4 Players Defense
   Defense                  Defense                  Time % Phy DF OF 
 1 Arturs Kulda             Luca Sbisa               60     1   2  2  
 2 Samuel Groulx            David Shields            40     1   2  2  

Penalty Kill - 3 Players Forward 
   Forward                                           Time % Phy DF OF 
 1 Sam Carrick                                       60     1   2  2  
 2 William Carrier                                   40     1   2  2  

Penalty Kill - 3 Players Defense
   Defense                  Defense                  Time % Phy DF OF 
 1 Arturs Kulda             Luca Sbisa               60     1   2  2  
 2 Samuel Groulx            David Shields            40     1   2  2  

4 vs 4 Forward 
   Center                   Wing                     Time % Phy DF OF 
 1 Sam Carrick              William Carrier          60     1   2  2  
 2 Phil Di Giuseppe         Emil Pettersson          40     1   2  2  

4 vs 4 Defense
   Defense                  Defense                  Time % Phy DF OF 
 1 Arturs Kulda             Luca Sbisa               60     1   2  2  
 2 Samuel Groulx            David Shields            40     1   2  2  

Last Minutes Offensive
   Center                   Left Wing                Right Wing               Defense                  Defense                  
   Sam Carrick              William Carrier          Justin Shugg             Arturs Kulda             Luca Sbisa               

Last Minutes Defensive
   Center                   Left Wing                Right Wing               Defense                  Defense                  
   Sam Carrick              William Carrier          Justin Shugg             Arturs Kulda             Luca Sbisa               

Goaltenders
Starting : Joacim Eriksson          
Backup : Kevin Lankinen           

Extra Forwards
Normal : Theodor Blueger, Mario Lucia, Cole Ully - PP : Theodor Blueger, Mario Lucia - PK : Cole Ully
Extra Defensemen
Normal : Robin Norell, Jakob Chychrun, Samuel Groulx - PP : Robin Norell - PK : Jakob Chychrun, Samuel Groulx
Penalty Shots
Sam Carrick, William Carrier, Phil Di Giuseppe, Emil Pettersson, Justin Shugg

Scratches
Alex Lintuniemi (Healthy), Jerome Gauthier-Leduc (Healthy), Tanner Jeannot (Healthy), Drew O'Connor (Healthy), Dennis Cholowski (Healthy)
Michael Pezzetta (Healthy), Oscar Dansk (Healthy)

% Time on Ice - Griffins

Lines # - Real PCT - Wanted PCT - Time Play
Normal Forward
1 - 30% - 40% - 11:32
2 - 24% - 30% - 9:30
3 - 26% - 20% - 10:00
4 - 20% - 10% - 7:53
Normal Defense
1 - 43% - 40% - 16:42
2 - 29% - 30% - 11:10
3 - 22% - 20% - 8:23
4 - 7% - 10% - 2:40
PP Forward
1 - 56% - 60% - 6:44
2 - 44% - 40% - 5:17
PP Defense
1 - 52% - 60% - 6:13
2 - 48% - 40% - 5:48
PK Forward
1 - 69% - 60% - 5:37
2 - 31% - 40% - 2:28
PK Defense
1 - 60% - 60% - 4:49
2 - 40% - 40% - 3:16
PK3 Forward
1 - 0% - 60%
2 - 0% - 40%
PK3 Defense
1 - 0% - 60%
2 - 0% - 40%
44 Forward
1 - 0% - 60%
2 - 0% - 40%
44 Defense
1 - 0% - 60%
2 - 0% - 40%
Last Minute Offensive  - 0:00
Last Minute Defensive  - 0:59
Total
Forward - 60:00
Defense - 60:00

% Time on Ice - Barracuda

Lines # - Real PCT - Wanted PCT - Time Play
Normal Forward
1 - 37% - 40% - 14:35
2 - 23% - 30% - 9:04
3 - 22% - 20% - 8:36
4 - 17% - 10% - 6:41
Normal Defense
1 - 38% - 40% - 14:51
2 - 35% - 30% - 13:37
3 - 25% - 20% - 9:54
4 - 1% - 10% - 0:34
PP Forward
1 - 52% - 60% - 4:14
2 - 48% - 40% - 3:51
PP Defense
1 - 59% - 60% - 4:45
2 - 41% - 40% - 3:20
PK Forward
1 - 72% - 60% - 8:38
2 - 28% - 40% - 3:23
PK Defense
1 - 59% - 60% - 7:07
2 - 41% - 40% - 4:54
PK3 Forward
1 - 0% - 60%
2 - 0% - 40%
PK3 Defense
1 - 0% - 60%
2 - 0% - 40%
44 Forward
1 - 0% - 60%
2 - 0% - 40%
44 Defense
1 - 0% - 60%
2 - 0% - 40%
Last Minute Offensive  - 0:58
Last Minute Defensive  - 0:00
Total
Forward - 60:00
Defense - 60:00

Play-by-Play

1st period


0:01 of 1st period - Riley Armstrong wins face-off versus Sam Carrick in neutral zone.
0:04 of 1st period - William Carrier is hit by Marcus Pettersson and loses puck.
0:25 of 1st period - Phil Oreskovic is hit by Chris Wagner and loses puck.
1:05 of 1st period - Noah Gregor is hit by Mathieu Joseph and loses puck.
1:47 of 1st period - Wrist shot by Brandon Pirri.
1:47 of 1st period - Shot Misses the Net.
1:53 of 1st period - Snap shot by Phil Di Giuseppe.
1:53 of 1st period - Stopped by Olivier Roy with a rebound.
2:09 of 1st period - Snap shot by Rourke Chartier.
2:09 of 1st period - Shot Misses the Net.
2:17 of 1st period - Backhand shot by Mario Lucia.
2:17 of 1st period - Goal by Mario Lucia - Griffins : 0 - Barracuda : 1.
2:18 of 1st period - Sam Carrick wins face-off versus Riley Armstrong in neutral zone.
2:43 of 1st period - Arturs Kulda is hit by Marcus Pettersson and loses puck.
2:52 of 1st period - Snap shot by Chris Wagner.
2:52 of 1st period - Shot Misses the Net.
3:08 of 1st period - Brendan Woods is hit by Alex Henriksson and loses puck.
3:35 of 1st period - Wrist shot by William Carrier.
3:35 of 1st period - Stopped by Olivier Roy without a rebound.
3:36 of 1st period - Riley Armstrong wins face-off versus Emil Pettersson in Griffins zone.
3:38 of 1st period - Minor Penalty to Riley Armstrong for Hooking.
3:39 of 1st period - Danny Kristo wins face-off versus Sam Carrick in Griffins zone.
4:52 of 1st period - Marcus Pettersson is hit by William Carrier and loses puck.
5:38 of 1st period - Penalty to Riley Armstrong is over, Riley Armstrong is back on ice.
5:51 of 1st period - Wrist shot by Mathew Barzal.
5:51 of 1st period - Stopped by Joacim Eriksson with a rebound.
5:53 of 1st period - Slapshot by Ryan Lindgren.
5:53 of 1st period - Shot Misses the Net.
7:06 of 1st period - Snap shot by Brandon Pirri.
7:06 of 1st period - Stopped by Joacim Eriksson with a rebound.
7:45 of 1st period - Icing by Alex Henriksson.
7:46 of 1st period - Sam Carrick wins face-off versus Rourke Chartier in Barracuda zone.
7:53 of 1st period - Snap shot by Rourke Chartier.
7:53 of 1st period - Stopped by Joacim Eriksson with a rebound.
9:20 of 1st period - Jakob Chychrun is hit by Mathieu Joseph and loses puck.
9:37 of 1st period - Minor Penalty to Robin Norell for Holding.
9:38 of 1st period - Sam Carrick wins face-off versus Riley Armstrong in Barracuda zone.
9:49 of 1st period - Wrist shot by Riley Armstrong.
9:49 of 1st period - Shot Misses the Net.
9:51 of 1st period - Backhand shot by Travis Sanheim.
9:51 of 1st period - Stopped by Joacim Eriksson with a rebound.
11:37 of 1st period - Penalty to Robin Norell is over, Robin Norell is back on ice.
11:47 of 1st period - Snap shot by Mario Lucia.
11:47 of 1st period - Shot Misses the Net.
11:49 of 1st period - Snap shot by Theodor Blueger.
11:49 of 1st period - Shot Misses the Net.
11:51 of 1st period - Backhand shot by Jakob Chychrun.
11:51 of 1st period - Shot Misses the Net.
11:53 of 1st period - Wrist shot by Cole Ully.
11:53 of 1st period - Stopped by Olivier Roy without a rebound.
11:54 of 1st period - Emil Pettersson wins face-off versus Rourke Chartier in Griffins zone.
12:21 of 1st period - Robin Norell is hit by Dylan DeMelo and loses puck.
12:44 of 1st period - Arturs Kulda is hit by Vladislav Namestnikov and loses puck.
13:04 of 1st period - Snap shot by Danny Kristo.
13:04 of 1st period - Stopped by Joacim Eriksson with a rebound.
13:06 of 1st period - Snap shot by Riley Armstrong.
13:06 of 1st period - Shot Misses the Net.
13:36 of 1st period - Wrist shot by Brandon Pirri.
13:36 of 1st period - Stopped by Joacim Eriksson without a rebound.
13:37 of 1st period - Sam Carrick wins face-off versus Vladislav Namestnikov in Barracuda zone.
13:39 of 1st period - Minor Penalty to Justin Shugg for Tripping.
13:40 of 1st period - Sam Carrick wins face-off versus Riley Armstrong in Barracuda zone.
13:40 of 1st period - Sam Carrick is hit by Danny Kristo.
13:56 of 1st period - Off-side.
13:57 of 1st period - Vladislav Namestnikov wins face-off versus Sam Carrick in neutral zone.
15:04 of 1st period - Danny Kristo is hit by David Shields and loses puck.
15:39 of 1st period - Penalty to Justin Shugg is over, Justin Shugg is back on ice.
15:43 of 1st period - Wrist shot by Phil Di Giuseppe.
15:43 of 1st period - Shot Misses the Net.
16:43 of 1st period - Mathieu Joseph is hit by Sam Carrick and loses puck.
17:35 of 1st period - Icing by Phil Oreskovic.
17:36 of 1st period - Brendan Woods wins face-off versus Emil Pettersson in Griffins zone.
18:15 of 1st period - Slapshot by Marcus Pettersson.
18:15 of 1st period - Shot Blocked by Luca Sbisa.
18:17 of 1st period - Slapshot by Phil Oreskovic.
18:17 of 1st period - Stopped by Joacim Eriksson with a rebound.
18:49 of 1st period - Wrist shot by Garrett Wilson.
18:49 of 1st period - Stopped by Joacim Eriksson with a rebound.
18:53 of 1st period - Slapshot by Rourke Chartier.
18:53 of 1st period - Shot Blocked by Justin Shugg.
18:55 of 1st period - Slapshot by Marcus Pettersson.
18:55 of 1st period - Deflect By Luca Sbisa.
18:55 of 1st period - Stopped by Joacim Eriksson without a rebound.
18:56 of 1st period - Riley Armstrong wins face-off versus Emil Pettersson in Barracuda zone.
19:05 of 1st period - Wrist shot by Riley Armstrong.
19:05 of 1st period - Stopped by Joacim Eriksson with a rebound.
Goals for this period are 0 for Griffins vs 1 for Barracuda.
Shots for this period are 10 for Griffins vs 4 for Barracuda.

2nd period


0:01 of 2nd period - Riley Armstrong wins face-off versus Sam Carrick in neutral zone.
0:03 of 2nd period - Minor Penalty to Riley Armstrong for Hooking.
0:04 of 2nd period - Danny Kristo wins face-off versus Sam Carrick in Griffins zone.
2:03 of 2nd period - Penalty to Riley Armstrong is over, Riley Armstrong is back on ice.
2:29 of 2nd period - Snap shot by Rourke Chartier.
2:29 of 2nd period - Deflect By Theodor Blueger.
2:29 of 2nd period - Stopped by Joacim Eriksson without a rebound.
2:30 of 2nd period - Vladislav Namestnikov wins face-off versus Noah Gregor in Barracuda zone.
2:32 of 2nd period - Minor Penalty to Thomas Gobeil for Hooking.
2:33 of 2nd period - Riley Armstrong wins face-off versus Sam Carrick in Barracuda zone.
3:23 of 2nd period - Snap shot by Phil Di Giuseppe.
3:23 of 2nd period - Shot Misses the Net.
4:11 of 2nd period - Luca Sbisa is hit by Brandon Pirri and loses puck.
4:32 of 2nd period - Penalty to Thomas Gobeil is over, Thomas Gobeil is back on ice.
4:44 of 2nd period - Snap shot by Cole Ully.
4:44 of 2nd period - Shot Misses the Net.
4:52 of 2nd period - Wrist shot by Garrett Wilson.
4:52 of 2nd period - Shot Misses the Net.
5:12 of 2nd period - Minor Penalty to Alex Henriksson for Holding.
5:13 of 2nd period - Sam Carrick wins face-off versus Riley Armstrong in Barracuda zone.
5:39 of 2nd period - Marcus Pettersson is hit by Emil Pettersson and loses puck.
6:04 of 2nd period - Samuel Groulx is hit by Lucas Lessio and loses puck.
7:12 of 2nd period - Penalty to Alex Henriksson is over, Alex Henriksson is back on ice.
7:22 of 2nd period - Alex Henriksson is hit by Mathew Barzal and loses puck.
7:43 of 2nd period - Slapshot by Samuel Groulx.
7:43 of 2nd period - Shot Blocked by Ryan Pulock.
7:45 of 2nd period - Slapshot by Samuel Groulx.
7:45 of 2nd period - Shot Misses the Net.
7:47 of 2nd period - Slapshot by Alex Henriksson.
7:47 of 2nd period - Shot Blocked by Brendan Woods.
7:49 of 2nd period - Wrist shot by Cole Ully.
7:49 of 2nd period - Shot Misses the Net.
7:51 of 2nd period - Wrist shot by Samuel Groulx.
7:51 of 2nd period - Stopped by Olivier Roy with a rebound.
7:53 of 2nd period - Snap shot by Alex Henriksson.
7:53 of 2nd period - Stopped by Olivier Roy with a rebound.
7:55 of 2nd period - Slapshot by Alex Henriksson.
7:55 of 2nd period - Stopped by Olivier Roy without a rebound.
7:56 of 2nd period - Sam Carrick wins face-off versus Sonny Milano in Griffins zone.
8:11 of 2nd period - Sam Carrick is hit by Mathieu Joseph and loses puck.
8:31 of 2nd period - Wrist shot by Adam Gaudette.
8:31 of 2nd period - Deflect By Alex Henriksson.
8:31 of 2nd period - Shot Misses the Net.
8:31 of 2nd period - Puck is out of play.
8:32 of 2nd period - Sam Carrick wins face-off versus Vladislav Namestnikov in Barracuda zone.
8:59 of 2nd period - Backhand shot by Vladislav Namestnikov.
8:59 of 2nd period - Shot Misses the Net.
9:01 of 2nd period - Slapshot by Patrick Wiercioch.
9:01 of 2nd period - Stopped by Joacim Eriksson without a rebound.
9:02 of 2nd period - Riley Armstrong wins face-off versus Emil Pettersson in Barracuda zone.
9:08 of 2nd period - Icing by Emil Pettersson.
9:09 of 2nd period - Emil Pettersson wins face-off versus Riley Armstrong in Barracuda zone.
9:22 of 2nd period - Wrist shot by Emil Pettersson.
9:22 of 2nd period - Stopped by Olivier Roy with a rebound.
9:38 of 2nd period - Slapshot by Samuel Groulx.
9:38 of 2nd period - Shot Misses the Net.
10:33 of 2nd period - Snap shot by Garrett Wilson.
10:33 of 2nd period - Shot Misses the Net.
10:45 of 2nd period - Slapshot by Theodor Blueger.
10:45 of 2nd period - Stopped by Olivier Roy with a rebound.
10:47 of 2nd period - Wrist shot by Theodor Blueger.
10:47 of 2nd period - Shot Blocked by Marcus Pettersson.
10:49 of 2nd period - Slapshot by Arturs Kulda.
10:49 of 2nd period - Shot Blocked by Rourke Chartier.
10:51 of 2nd period - Snap shot by Cole Ully.
10:51 of 2nd period - Stopped by Olivier Roy with a rebound.
10:59 of 2nd period - Snap shot by Cole Ully.
10:59 of 2nd period - Shot Misses the Net.
11:01 of 2nd period - Slapshot by Arturs Kulda.
11:01 of 2nd period - Stopped by Olivier Roy without a rebound.
11:02 of 2nd period - Sam Carrick wins face-off versus Danny Kristo in Griffins zone.
11:27 of 2nd period - Vladislav Namestnikov is hit by Phil Di Giuseppe and loses puck.
11:38 of 2nd period - Slapshot by Chris Wagner.
11:38 of 2nd period - Stopped by Olivier Roy with a rebound.
11:50 of 2nd period - Wrist shot by Noah Gregor.
11:50 of 2nd period - Deflect By Alex Henriksson.
11:50 of 2nd period - Shot Blocked by Mathew Barzal.
11:50 of 2nd period - Puck is out of play.
11:51 of 2nd period - Mathew Barzal wins face-off versus Noah Gregor in Griffins zone.
11:57 of 2nd period - Icing by Mathew Barzal.
11:58 of 2nd period - Mathew Barzal wins face-off versus Sam Carrick in Griffins zone.
12:05 of 2nd period - Wrist shot by William Carrier.
12:05 of 2nd period - Shot Misses the Net.
12:07 of 2nd period - Backhand shot by David Shields.
12:07 of 2nd period - Stopped by Olivier Roy with a rebound.
12:09 of 2nd period - Wrist shot by Justin Shugg.
12:09 of 2nd period - Stopped by Olivier Roy without a rebound.
12:10 of 2nd period - William Carrier wins face-off versus Riley Armstrong in Griffins zone.
13:24 of 2nd period - Wrist shot by William Carrier.
13:24 of 2nd period - Shot Misses the Net.
13:44 of 2nd period - Backhand shot by Mathew Barzal.
13:44 of 2nd period - Shot Misses the Net.
13:46 of 2nd period - Wrist shot by Mathieu Joseph.
13:46 of 2nd period - Shot Misses the Net.
13:48 of 2nd period - Slapshot by Ryan Pulock.
13:48 of 2nd period - Stopped by Joacim Eriksson without a rebound.
13:49 of 2nd period - Danny Kristo wins face-off versus Sam Carrick in Barracuda zone.
14:14 of 2nd period - Sam Carrick is hit by Travis Sanheim and loses puck.
14:23 of 2nd period - Snap shot by Garrett Wilson.
14:23 of 2nd period - Stopped by Joacim Eriksson with a rebound.
14:25 of 2nd period - Slapshot by Marcus Pettersson.
14:25 of 2nd period - Shot Misses the Net.
14:27 of 2nd period - Wrist shot by Rourke Chartier.
14:27 of 2nd period - Shot Misses the Net.
14:37 of 2nd period - Phil Di Giuseppe is hit by Vladislav Namestnikov and loses puck.
14:50 of 2nd period - Adam Gaudette is hit by Luca Sbisa and loses puck.
15:03 of 2nd period - Riley Armstrong is hit by Luca Sbisa and loses puck.
16:24 of 2nd period - Wrist shot by Riley Armstrong.
16:24 of 2nd period - Stopped by Joacim Eriksson without a rebound.
16:25 of 2nd period - Emil Pettersson wins face-off versus Riley Armstrong in Barracuda zone.
17:09 of 2nd period - Brendan Woods is hit by Cole Ully and loses puck.
17:48 of 2nd period - Wrist shot by Chris Wagner.
17:48 of 2nd period - Deflect By Phil Di Giuseppe.
17:48 of 2nd period - Shot Blocked by Riley Armstrong.
17:48 of 2nd period - Puck is out of play.
17:49 of 2nd period - Riley Armstrong wins face-off versus Emil Pettersson in Griffins zone.
17:51 of 2nd period - Minor Penalty to Riley Armstrong for High sticking.
17:52 of 2nd period - Danny Kristo wins face-off versus Sam Carrick in Griffins zone.
19:29 of 2nd period - Arturs Kulda is hit by Marcus Pettersson and loses puck.
19:51 of 2nd period - Penalty to Riley Armstrong is over, Riley Armstrong is back on ice.
19:56 of 2nd period - Travis Sanheim is hit by Thomas Gobeil and loses puck.
Goals for this period are 0 for Griffins vs 0 for Barracuda.
Shots for this period are 5 for Griffins vs 10 for Barracuda.

3rd period


0:01 of 3rd period - Riley Armstrong wins face-off versus Sam Carrick in neutral zone.
0:04 of 3rd period - Slapshot by Phil Oreskovic.
0:04 of 3rd period - Deflect By Sam Carrick.
0:04 of 3rd period - Stopped by Joacim Eriksson with a rebound.
0:06 of 3rd period - Slapshot by Brandon Pirri.
0:06 of 3rd period - Stopped by Joacim Eriksson with a rebound.
0:08 of 3rd period - Slapshot by Riley Armstrong.
0:08 of 3rd period - Shot Misses the Net.
0:10 of 3rd period - Wrist shot by Brandon Pirri.
0:10 of 3rd period - Shot Misses the Net.
0:12 of 3rd period - Snap shot by Brandon Pirri.
0:12 of 3rd period - Stopped by Joacim Eriksson without a rebound.
0:13 of 3rd period - Riley Armstrong wins face-off versus Sam Carrick in Barracuda zone.
0:28 of 3rd period - Snap shot by Luca Sbisa.
0:28 of 3rd period - Deflect By Justin Shugg.
0:28 of 3rd period - Shot Misses the Net.
0:28 of 3rd period - Puck is out of play.
0:29 of 3rd period - Adam Gaudette wins face-off versus Emil Pettersson in Griffins zone.
0:29 of 3rd period - Adam Gaudette is hit by Phil Di Giuseppe.
0:41 of 3rd period - Adam Gaudette is hit by Chris Wagner and loses puck.
0:45 of 3rd period - Icing by Marcus Pettersson.
0:46 of 3rd period - Vladislav Namestnikov wins face-off versus William Carrier in Griffins zone.
1:49 of 3rd period - Icing by Marcus Pettersson.
1:50 of 3rd period - Emil Pettersson wins face-off versus Vladislav Namestnikov in Griffins zone.
2:05 of 3rd period - Slapshot by Marcus Pettersson.
2:05 of 3rd period - Stopped by Joacim Eriksson without a rebound.
2:06 of 3rd period - Danny Kristo wins face-off versus Theodor Blueger in Barracuda zone.
2:10 of 3rd period - Minor Penalty to Theodor Blueger for Interference.
2:11 of 3rd period - Sam Carrick wins face-off versus Riley Armstrong in Barracuda zone.
2:21 of 3rd period - Wrist shot by William Carrier.
2:21 of 3rd period - Shot Blocked by Brandon Pirri.
2:23 of 3rd period - Snap shot by Sam Carrick.
2:23 of 3rd period - Shot Misses the Net.
3:27 of 3rd period - Patrick Wiercioch is hit by Arturs Kulda and loses puck.
4:10 of 3rd period - Penalty to Theodor Blueger is over, Theodor Blueger is back on ice.
4:10 of 3rd period - Cole Ully is hit by Adam Gaudette and loses puck.
4:30 of 3rd period - Minor Penalty to Mathieu Joseph for Hooking.
4:31 of 3rd period - Danny Kristo wins face-off versus Emil Pettersson in Griffins zone.
4:43 of 3rd period - Slapshot by Arturs Kulda.
4:43 of 3rd period - Stopped by Olivier Roy with a rebound.
4:45 of 3rd period - Backhand shot by Luca Sbisa.
4:45 of 3rd period - Stopped by Olivier Roy with a rebound.
4:47 of 3rd period - Slapshot by Emil Pettersson.
4:47 of 3rd period - Stopped by Olivier Roy with a rebound.
4:57 of 3rd period - Marcus Pettersson is hit by Luca Sbisa and loses puck.
5:14 of 3rd period - Snap shot by Rourke Chartier.
5:14 of 3rd period - Shot Misses the Net.
6:30 of 3rd period - Penalty to Mathieu Joseph is over, Mathieu Joseph is back on ice.
6:44 of 3rd period - Backhand shot by Travis Sanheim.
6:44 of 3rd period - Deflect By Thomas Gobeil.
6:44 of 3rd period - Stopped by Joacim Eriksson without a rebound.
6:45 of 3rd period - Vladislav Namestnikov wins face-off versus Theodor Blueger in Barracuda zone.
6:46 of 3rd period - Wrist shot by Lucas Lessio.
6:46 of 3rd period - Shot Misses the Net.
6:48 of 3rd period - Slapshot by Vladislav Namestnikov.
6:48 of 3rd period - Shot Misses the Net.
6:55 of 3rd period - Wrist shot by Lucas Lessio.
6:55 of 3rd period - Stopped by Joacim Eriksson with a rebound.
7:13 of 3rd period - Slapshot by Mathew Barzal.
7:13 of 3rd period - Deflect By Sonny Milano.
7:13 of 3rd period - Shot Misses the Net.
7:13 of 3rd period - Puck is out of play.
7:14 of 3rd period - Noah Gregor wins face-off versus Mathew Barzal in Barracuda zone.
7:25 of 3rd period - Snap shot by Alex Henriksson.
7:25 of 3rd period - Shot Blocked by Mathieu Joseph.
7:29 of 3rd period - Snap shot by Noah Gregor.
7:29 of 3rd period - Stopped by Olivier Roy with a rebound.
7:47 of 3rd period - Wrist shot by Chris Wagner.
7:47 of 3rd period - Stopped by Olivier Roy with a rebound.
8:07 of 3rd period - Slapshot by Arturs Kulda.
8:07 of 3rd period - Shot Misses the Net.
8:09 of 3rd period - Wrist shot by Luca Sbisa.
8:09 of 3rd period - Stopped by Olivier Roy without a rebound.
8:10 of 3rd period - Brandon Pirri wins face-off versus Sam Carrick in Griffins zone.
8:15 of 3rd period - Slapshot by Riley Armstrong.
8:15 of 3rd period - Stopped by Joacim Eriksson with a rebound.
8:17 of 3rd period - Wrist shot by Danny Kristo.
8:17 of 3rd period - Shot Misses the Net.
8:19 of 3rd period - Snap shot by Brandon Pirri.
8:19 of 3rd period - Shot Blocked by Justin Shugg.
8:21 of 3rd period - Snap shot by Riley Armstrong.
8:21 of 3rd period - Shot Misses the Net.
8:23 of 3rd period - Snap shot by Brandon Pirri.
8:23 of 3rd period - Shot Hit the Post.
8:25 of 3rd period - Slapshot by Travis Sanheim.
8:25 of 3rd period - Stopped by Joacim Eriksson with a rebound.
8:35 of 3rd period - Samuel Groulx is hit by Vladislav Namestnikov and loses puck.
8:40 of 3rd period - Backhand shot by Adam Gaudette.
8:40 of 3rd period - Shot Blocked by Chris Wagner.
10:04 of 3rd period - Jakob Chychrun is hit by Phil Oreskovic and loses puck.
10:29 of 3rd period - Wrist shot by Travis Sanheim.
10:29 of 3rd period - Deflect By Rourke Chartier.
10:29 of 3rd period - Goal by Rourke Chartier - Griffins : 1 - Barracuda : 1.
10:30 of 3rd period - Riley Armstrong wins face-off versus Sam Carrick in neutral zone.
10:32 of 3rd period - Off-side.
10:33 of 3rd period - Sam Carrick wins face-off versus Riley Armstrong in neutral zone.
10:38 of 3rd period - Slapshot by Luca Sbisa.
10:38 of 3rd period - Stopped by Olivier Roy with a rebound.
10:46 of 3rd period - Snap shot by Sam Carrick.
10:46 of 3rd period - Shot Misses the Net.
10:56 of 3rd period - Arturs Kulda is hit by Danny Kristo and loses puck.
11:05 of 3rd period - Phil Oreskovic is hit by Justin Shugg and loses puck.
11:13 of 3rd period - Minor Penalty to Sam Carrick for Diving.
11:14 of 3rd period - Vladislav Namestnikov wins face-off versus Cole Ully in Barracuda zone.
11:16 of 3rd period - Wrist shot by Vladislav Namestnikov.
11:16 of 3rd period - Shot Misses the Net.
11:28 of 3rd period - Slapshot by Marcus Pettersson.
11:28 of 3rd period - Shot Misses the Net.
11:30 of 3rd period - Wrist shot by Lucas Lessio.
11:30 of 3rd period - Shot Hit the Post.
13:04 of 3rd period - Theodor Blueger is hit by Garrett Wilson and loses puck.
13:13 of 3rd period - Penalty to Sam Carrick is over, Sam Carrick is back on ice.
13:21 of 3rd period - Slapshot by Arturs Kulda.
13:21 of 3rd period - Stopped by Olivier Roy without a rebound.
13:22 of 3rd period - Mathew Barzal wins face-off versus Sam Carrick in Griffins zone.
13:22 of 3rd period - Mathew Barzal is hit by William Carrier.
13:56 of 3rd period - Off-side.
13:57 of 3rd period - Riley Armstrong wins face-off versus Emil Pettersson in neutral zone.
14:05 of 3rd period - Minor Penalty to Phil Di Giuseppe for Diving.
14:06 of 3rd period - Brandon Pirri wins face-off versus Sam Carrick in Barracuda zone.
14:10 of 3rd period - Wrist shot by Danny Kristo.
14:10 of 3rd period - Shot Blocked by Arturs Kulda.
14:12 of 3rd period - Slapshot by Marcus Pettersson.
14:12 of 3rd period - Goal by Marcus Pettersson - Griffins : 2 - Barracuda : 1.
14:13 of 3rd period - Sam Carrick wins face-off versus Riley Armstrong in neutral zone.
14:26 of 3rd period - Snap shot by William Carrier.
14:26 of 3rd period - Stopped by Olivier Roy without a rebound.
14:27 of 3rd period - Riley Armstrong wins face-off versus Emil Pettersson in Griffins zone.
15:05 of 3rd period - Slapshot by Travis Sanheim.
15:05 of 3rd period - Deflect By Sam Carrick.
15:05 of 3rd period - Stopped by Joacim Eriksson with a rebound.
15:23 of 3rd period - Wrist shot by Brendan Woods.
15:23 of 3rd period - Shot Misses the Net.
15:26 of 3rd period - Icing by Luca Sbisa.
15:27 of 3rd period - Theodor Blueger wins face-off versus Riley Armstrong in Barracuda zone.
15:38 of 3rd period - Backhand shot by Marcus Pettersson.
15:38 of 3rd period - Stopped by Joacim Eriksson with a rebound.
15:45 of 3rd period - Off-side.
15:46 of 3rd period - Rourke Chartier wins face-off versus Sam Carrick in neutral zone.
16:13 of 3rd period - Phil Di Giuseppe is hit by Riley Armstrong.
16:17 of 3rd period - Slapshot by Marcus Pettersson.
16:17 of 3rd period - Shot Blocked by Phil Di Giuseppe.
17:11 of 3rd period - Rourke Chartier is hit by Sam Carrick and loses puck.
17:45 of 3rd period - Travis Sanheim is hit by Phil Di Giuseppe and loses puck.
18:30 of 3rd period - Slapshot by William Carrier.
18:30 of 3rd period - Stopped by Olivier Roy with a rebound.
18:32 of 3rd period - Slapshot by David Shields.
18:32 of 3rd period - Stopped by Olivier Roy without a rebound.
18:33 of 3rd period - Sam Carrick wins face-off versus Rourke Chartier in Griffins zone.
18:58 of 3rd period - William Carrier is hit by Riley Armstrong and loses puck.
19:09 of 3rd period - Wrist shot by Danny Kristo.
19:09 of 3rd period - Shot Misses the Net.
19:13 of 3rd period - Snap shot by Brandon Pirri.
19:13 of 3rd period - Stopped by Joacim Eriksson with a rebound.
19:15 of 3rd period - Snap shot by Brandon Pirri.
19:15 of 3rd period - Shot Misses the Net.
19:17 of 3rd period - Snap shot by Brandon Pirri.
19:17 of 3rd period - Stopped by Joacim Eriksson without a rebound.
19:18 of 3rd period - Dale Hunter call a timeout for Barracuda.
19:18 of 3rd period - Riley Armstrong wins face-off versus Sam Carrick in Barracuda zone.
19:19 of 3rd period - Snap shot by Danny Kristo.
19:19 of 3rd period - Shot Misses the Net.
19:25 of 3rd period - William Carrier is hit by Brandon Pirri and loses puck.
19:32 of 3rd period - Barracuda, Joacim Eriksson is pulled from the net.
19:36 of 3rd period - Backhand shot by William Carrier.
19:36 of 3rd period - Deflect By Sam Carrick.
19:36 of 3rd period - Shot Misses the Net.
19:36 of 3rd period - Puck is out of play.
19:37 of 3rd period - Sam Carrick wins face-off versus Danny Kristo in Griffins zone.
19:42 of 3rd period - Wrist shot by William Carrier.
19:42 of 3rd period - Shot Misses the Net.
19:44 of 3rd period - Snap shot by Arturs Kulda.
19:44 of 3rd period - Shot Misses the Net.
19:46 of 3rd period - Snap shot by Arturs Kulda.
19:46 of 3rd period - Stopped by Olivier Roy without a rebound.
19:47 of 3rd period - Riley Armstrong wins face-off versus Sam Carrick in Griffins zone.
19:47 of 3rd period - Riley Armstrong is hit by Luca Sbisa.
19:50 of 3rd period - Minor Penalty to Riley Armstrong for Hooking.
19:51 of 3rd period - Sam Carrick wins face-off versus Danny Kristo in Griffins zone.
Goals for this period are 2 for Griffins vs 0 for Barracuda.
Shots for this period are 14 for Griffins vs 12 for Barracuda.